 Dungeon Crawl Stone Soup version 0.20.0-15-g7f486f2 (webtiles) character file.

87 Locuples the Sneak (level 4, -1/27 HPs)
             Began as a Kobold Assassin on June 21, 2017.
             Slain by Darkins's ghost (13 damage)
             ... on level 3 of the Dungeon on June 27, 2017.
             The game lasted 00:07:26 (1836 turns).

Locuples the Sneak (Kobold Assassin)                Turns: 1836, Time: 00:07:26

Health: -1/27      AC:  4    Str:  9    XL:     4   Next: 80%
Magic:  4/4        EV: 14    Int: 12    God:
Gold:   88         SH:  0    Dex: 16    Spells: 3/3 levels left

rFire    . . .     SeeInvis .   a - +2 dagger
rCold    . . .     Gourm    .   (shield restricted)
rNeg     . . .     Faith    .   c - +0 robe
rPois    .         Spirit   .   (no helmet)
rElec    .         Reflect  .   d - +0 cloak
rCorr    .         Harm     .   n - +0 pair of gloves
MR       .....                  (no boots)
Stlth    ++++......             (no amulet)
Regen    0.1/turn               (no ring)
MPRegen  0.1/turn               (no ring)

@: no status effects
A: carnivore 3
a: no special abilities


You were on level 3 of the Dungeon.
You were not hungry.

You visited 1 branch of the dungeon, and saw 3 of its levels.

You collected 88 gold pieces.

Inventory:

Hand Weapons
 a - a +2 dagger (weapon)
 b - a +0 blowgun
Missiles
 e - 33 poisoned needles
 f - 2 curare-tipped needles
Armour
 c - a +0 robe (worn)
 d - a +0 cloak (worn)
 n - a +0 pair of gloves (worn)
Jewellery
 p - an uncursed amulet of faith {unknown}
Scrolls
 i - a scroll of amnesia {unknown}
 j - a scroll of blinking {unknown}
 k - 6 scrolls of remove curse {unknown}
 l - 2 scrolls of recharging {unknown}
Potions
 h - 3 potions of curing {unknown}
Books
 o - Kikubaaqudgha's Collected Works on Dark Secrets
   (You found it on level 2 of the Dungeon)

   Spells                             Type                      Level
   a - Pain                           Necromancy                   1
Comestibles
 g - 2 meat rations
 m - 2 royal jellies


   Skills:
 + Level 2.4 Fighting
 * Level 4.0 Short Blades
 - Level 2.1 Throwing
 - Level 1.2 Dodging
 * Level 7.2 Stealth


You had 3 spell levels left.
You didn't know any spells.

Dungeon Overview and Level Annotations

Branches:
Dungeon (3/15)

Altars:
Elyvilon
Hepliaklqana
Kikubaaqudgha
Sif Muna
Vehumet

Annotations:
D:3 Darkins's ghost, weakling DgGl


Innate Abilities, Weirdness & Mutations

You are small and have problems with some larger weapons.
You are carnivorous and can eat meat at any time.


Message History

Darkins's ghost hits you but does no damage.
The bat hits you.
You hit the bat.
You kill the bat!
Level annotation: Darkins's ghost, weakling DgGl Welcome back, Locuples the Kobold Assassin.
Press ? for a list of commands and other information.
Level annotation: Darkins's ghost, weakling DgGl Welcome back, Locuples the Kobold Assassin.
Press ? for a list of commands and other information.
Darkins's ghost barely misses you. Darkins's ghost barely misses you.
Darkins's ghost hits you.
You barely miss Darkins's ghost.
Darkins's ghost is lightly damaged.
Darkins's ghost barely misses you.
You barely miss Darkins's ghost.
Darkins's ghost is lightly damaged.
Darkins's ghost hits you!
You die...

............##### #.
#######.........#
##### #. #####.###.#
#...# #.
#.###.#####.#.###.
#..##.......#.....
#..############### .
#..## #### ....###.W.#
#.. . #....@#.## #.#
.#
#.#####..#######.###.#
#...................
.................(....
###.####.########†##.#
# #.# ####†##.# #..
#........ ##.
#?....).. .. #........


You could see Darkins's ghost.

Vanquished Creatures
  5 adders
  A worm (D:2)
  A dart slug (D:2)
  2 leopard geckos (D:1)
  A giant cockroach (D:1)
  3 goblins
  2 hobgoblins
  3 jackals (D:1)
  6 kobolds
  A ball python (D:1)
  6 bats
  A frilled lizard (D:2)
  8 rats
  A fungus (D:2)
41 creatures vanquished.

Notes
Turn   | Place    | Note
-------+----------+-------------------------------------------
     0 | D:1      | Locuples the Kobold Assassin began the quest for the Orb.
     0 | D:1      | Reached XP level 1. HP: 12/12 MP: 1/1
   176 | D:1      | Reached XP level 2. HP: 8/17 MP: 2/2
   440 | D:1      | Reached skill level 6 in Stealth
   846 | D:2      | Reached XP level 3. HP: 10/21 MP: 3/3
  1234 | D:2      | Reached XP level 4. HP: 16/27 MP: 4/4
  1280 | D:2      | Found a white marble altar of Elyvilon.
  1410 | D:2      | Reached skill level 7 in Stealth
  1414 | D:2      | Found a hazy altar of Hepliaklqana.
  1459 | D:2      | Found an ancient bone altar of Kikubaaqudgha.
  1459 | D:2      | Found a deep blue altar of Sif Muna.
  1461 | D:2      | Found a radiant altar of Vehumet.
  1463 | D:2      | Identified Kikubaaqudgha's Collected Works on Dark Secrets
  1790 | D:3      | Noticed Darkins's ghost (weakling DgGl)
  1836 | D:3      | Slain by Darkins's ghost

Skill      XL: |  1  2  3  4 |
---------------+-------------+-----
Stealth        | 6 7 |  7.2
Short Blades   | 3 4 |  4.0
Fighting       | |  2.4
Throwing       | |  2.1
Dodging        | |  1.2

Action                   |  1- 3 |  4- 6 || total
-------------------------+-------+-------++-------
Melee: Dagger            |    82 |    86 ||   168
 Fire: Blowgun           |    11 |       ||    11
 Stab: Sleeping          |     6 |     3 ||     9
  Eat: Chunk             |       |     6 ||     6
Armor: Robe              |    15 |    20 ||    35
Dodge: Dodged            |    62 |    54 ||   116
